Map: Ice and Chrome LE

Players

Neeb

  • Race: Protoss Protoss
  • Spawn Location: 7:00

Scarlett - Winner!

  • Race: Zerg Zerg
  • Spawn Location: 1:00

Event: DreamHack SC2 Masters 2020 Summer North America

VOD

Have the link to the VOD?

Description

Time

  • Played on: June 30, 2020, 3:55 p.m.
  • Length: 40:51

All games in this series

Show
View Real Time Build Order
Export as new Build Order

Neeb Protoss 

Build Orders: 1 Gate Expand, Oracle Opening, Phoenix Opening, Archon Immortal, Carriers 

Get SALT Encoding   

  12  0:00  Probe  
  13  0:13  Probe  
  14  0:20  Pylon  
  14  0:25  Probe  
  15  0:34  Probe  
  15  0:40  Gateway  
  15  0:42  Probe  
  17  0:50  Assimilator  
  17  0:52  Probe  
  18  1:04  Probe  
  19  1:16  Probe  
  20  1:26  Nexus  
  20  1:36  Cybernetics Core  
  20  1:39  Probe  
  21  1:47  Assimilator  
  21  1:51  Probe  
  22  1:54  Pylon  
  22  1:59  Probe  
  22  2:03  Adept  
  23  2:08  Probe  
  26  2:19  Probe  
  27  2:23  Stargate  
  27  2:31  Probe  
  27  2:32  Adept  
  27  2:34  Probe  
  30  2:42  Probe  
  30  2:43  Probe  
  32  2:44  Warp Gate  
  33  2:53  Probe  
  33  2:55  Probe  
  33  2:56  Gateway  
  35  2:59  Oracle  
  36  3:05  Probe  
  36  3:07  Probe  
  40  3:14  Pylon  
  40  3:17  Probe  
  40  3:19  Probe  
  42  3:25  Assimilator  
  42  3:29  Phoenix, Probe  
  42  3:30  Assimilator  
  42  3:31  Probe  
  44  3:38  Pylon  
  46  3:42  Probe  
  46  3:46  Pylon, Probe  
  46  3:47  Oracle  
  48  3:54  Probe  
  52  3:58  Probe  
  53  4:04  Robotics Facility  
  53  4:06  Probe  
  54  4:10  Probe  
  54  4:15  Pylon  
  55  4:18  Oracle, Probe  
  55  4:22  Probe  
  57  4:25  Gateway  
  57  4:30  Probe  
  61  4:34  Adept x2  
  61  4:35  Probe  
  66  4:42  Probe  
  67  4:46  Immortal, Nexus  
  67  4:59  Pylon  
  71  5:04  Pylon  
  71  5:05  Sentry x2  
  71  5:06  Probe  
  76  5:08  Probe  
  77  5:16  Immortal  
  77  5:18  Probe  
  77  5:20  Shield Battery, Probe  
  79  5:21  Pylon  
  83  5:33  Probe x2  
  85  5:40  Forge  
  85  5:41  Twilight Council  
  85  5:45  Probe x2  
  85  5:47  Sentry  
  85  5:48  Sentry x2  
  93  5:50  Observer  
  94  5:57  Probe  
  94  5:58  Probe x2  
  97  6:10  Probe x3  
  100  6:11  Warp Prism  
  100  6:12  Assimilator  
  100  6:13  Assimilator  
  100  6:14  Protoss Ground Weapons Level 1  
  100  6:15  Pylon  
  102  6:19  Charge  
  102  6:23  Probe  
  102  6:24  Pylon, Probe  
  104  6:27  Templar Archives  
  104  6:30  Probe  
  105  6:36  Probe x2  
  105  6:38  Immortal  
  107  6:42  Probe  
  107  6:43  Gateway  
  107  6:46  Gateway  
  108  6:50  Gateway  
  108  6:52  Gateway  
  112  7:08  Immortal  
  112  7:10  Gateway  
  112  7:15  Pylon  
  112  7:19  Gateway  
  112  7:20  Gateway  
  112  7:22  Pylon, High Templar x2, Zealot  
  122  7:24  Pylon  
  122  7:28  Archon  
  122  7:29  Photon Cannon  
  122  7:35  Pylon  
  122  7:37  Photon Cannon  
  122  7:41  Pylon  
  122  7:43  Immortal  
  121  7:50  Zealot  
  121  7:51  Zealot x4  
  135  7:59  Pylon  
  135  8:00  Pylon  
  135  8:03  Protoss Ground Weapons Level 2  
  135  8:06  Zealot x2  
  135  8:07  Zealot  
  141  8:16  Psionic Storm, Immortal  
  141  8:18  High Templar x4  
  143  8:28  Photon Cannon  
  143  8:30  Nexus  
  143  8:36  Probe x2  
  143  8:37  Zealot x3  
  143  8:38  Shield Battery  
  143  8:40  Shield Battery  
  151  8:45  Pylon  
  151  8:55  High Templar, Pylon  
  151  8:56  High Templar x3  
  159  9:04  Archon  
  151  9:11  High Templar x2  
  151  9:12  Probe  
  154  9:19  Gateway  
  154  9:20  Gateway  
  154  9:21  Zealot x4  
  154  9:23  Probe x2  
  162  9:24  Gateway  
  162  9:26  Assimilator  
  162  9:31  Assimilator  
  155  9:33  Photon Cannon  
  155  9:34  Fleet Beacon  
  155  9:35  Photon Cannon  
  155  9:40  Archon  
  155  9:43  Zealot x5  
  163  9:55  Nexus, Zealot x2  
  158  10:03  Immortal  
  145  10:12  Zealot x6  
  150  10:20  High Templar x4  
  147  10:40  Probe x2  
  141  10:50  High Templar x2  
  141  10:51  High Templar x2, Zealot x2  
  153  10:59  Archon x2  
  153  11:02  Photon Cannon, Probe  
  154  11:05  Nexus, Stargate  
  154  11:08  Stargate  
  150  11:20  Zealot x6  
  157  11:38  Pylon  
  151  11:44  High Templar x2, Zealot x6  
  151  11:45  Probe  
  151  11:46  Probe x2  
  168  11:58  Probe x3  
  168  12:01  Assimilator  
  171  12:05  Assimilator  
  171  12:08  Photon Cannon  
  169  12:09  Carrier, Archon  
  169  12:10  Carrier  
  165  12:15  Carrier  
  177  12:28  Zealot  
  185  12:38  Zealot x4  
  191  12:54  Protoss Air Weapons Level 1  
  189  13:03  Probe  
  189  13:04  Probe x3  
  185  13:07  Dark Shrine  
  185  13:10  Pylon  
  185  13:11  Carrier, Shield Battery  
  185  13:12  Pylon  
  185  13:13  Shield Battery  
  185  13:16  Probe x2  
  189  13:22  Carrier, Observer  
  194  13:31  Carrier  
  194  13:52  Nexus  
  190  14:01  Protoss Ground Weapons Level 3  
  190  14:02  Shield Battery  
  186  14:08  High Templar  
  186  14:09  High Templar x5  
  198  14:10  Zealot  
  198  14:14  Archon x2  
  200  14:23  Dark Templar  
  200  14:26  Nexus  
  198  14:32  Dark Templar  
  185  14:56  Zealot x2  
  185  14:57  Zealot x6  
  189  15:12  Zealot  
  173  15:17  Carrier x2  
  180  15:25  High Templar, Zealot x3  
  180  15:26  High Templar x2, Zealot x2  
  196  15:46  Pylon  
  196  15:48  Nexus  
  196  15:52  High Templar x2  
  196  15:53  Pylon  
  200  15:59  Archon  
  200  16:05  Protoss Air Weapons Level 2  
  194  16:13  Zealot x3  
  194  16:14  Photon Cannon  
  200  16:37  Archon  
  188  16:44  Photon Cannon  
  188  16:45  Assimilator  
  188  16:46  Carrier  
  188  16:47  Carrier, Archon  
  170  16:48  Carrier  
  170  16:49  Assimilator  
  158  17:10  High Templar x3  
  158  17:11  High Templar x2  
  158  17:13  Probe x2  
  164  17:21  High Templar x2  
  164  17:22  Zealot x2  
  172  17:23  Protoss Shields Level 1  
  172  17:26  Archon  
  172  17:33  Photon Cannon  
  172  17:35  Photon Cannon  
  168  17:44  High Templar x2, Zealot x5  
  155  17:51  Carrier  
  173  18:07  Nexus  
  173  18:08  Pylon  
  173  18:13  High Templar x4, Zealot  
  173  18:14  Zealot x2  
  173  18:18  Archon x2  
  181  18:33  Assimilator  
  179  18:36  Assimilator  
  179  18:39  High Templar  
  179  18:40  High Templar, Zealot x2  
  179  18:41  Pylon, Zealot  
  187  18:43  Photon Cannon  
  187  18:45  Photon Cannon  
  187  18:47  Shield Battery  
  187  18:53  Protoss Air Weapons Level 3  
  193  19:02  Void Ray x2  
  195  19:07  Cybernetics Core  
  189  19:20  Zealot x4  
  189  19:21  High Templar x2  
  189  19:25  Protoss Shields Level 2  
  189  19:27  Unknown  
  187  19:32  Void Ray  
  187  19:37  Mothership  
  189  19:48  Photon Cannon  
  189  19:50  Shield Battery  
  189  19:52  Shield Battery  
  189  19:54  Photon Cannon  
  189  19:55  Photon Cannon  
  189  19:56  Photon Cannon, Shield Battery  
  189  19:57  Photon Cannon  
  187  20:03  Protoss Air Armor Level 1  
  195  20:08  Observer  
  194  20:26  Observer  
  192  20:33  Photon Cannon  
  192  20:34  Photon Cannon  
  193  20:36  Photon Cannon  
  193  20:38  Tempest  
  193  20:39  Shield Battery  
  196  20:43  Nexus  
  196  20:51  Dark Templar  
  195  21:08  Void Ray x2  
  197  21:30  Stargate  
  197  21:33  Stargate  
  197  21:34  Stargate  
  197  21:48  Pylon  
  191  22:02  Tempest  
  191  22:08  Shield Battery  
  196  22:10  Shield Battery  
  196  22:13  Shield Battery  
  196  22:14  Pylon  
  196  22:16  Shield Battery  
  196  22:18  Pylon  
  196  22:22  Protoss Air Armor Level 2  
  197  22:47  Zealot x5  
  199  23:09  Oracle  
  193  23:51  Pylon  
  190  24:14  Carrier  
  190  24:16  Void Ray x2  
  190  24:17  Void Ray  
  198  24:31  Photon Cannon, Nexus  
  198  24:32  Photon Cannon  
  182  25:07  Oracle x2  
  182  25:11  Oracle  
  191  25:18  Nexus, Pylon  
  191  25:21  Pylon  
  191  25:30  Dark Templar  
  191  25:31  Dark Templar x3  
  199  25:51  Shield Battery  
  199  25:54  Shield Battery x2  
  199  25:56  Shield Battery  
  199  25:58  Shield Battery  
  199  25:59  Shield Battery  
  197  26:14  Photon Cannon  
  196  26:51  Tempest  
  182  27:02  Void Ray x2  
  190  27:14  Tempest  
  195  27:15  Tempest  
  195  27:22  Pylon  
  200  27:32  Assimilator  
  200  27:38  Assimilator  
  198  27:52  Shadow Stride  
  179  28:12  Void Ray  
  179  28:13  Void Ray x4  
  199  28:27  Robotics Facility  
  196  29:14  Tempest x2  
  185  29:31  Mothership  
  171  29:42  Probe x3  
  142  30:04  High Templar x4  
  146  30:07  High Templar x4  
  146  30:10  Nexus  
  146  30:11  Carrier x5, Void Ray  
  172  30:18  Probe x3  
  175  30:23  Assimilator  
  175  30:30  Probe x3  
  178  30:38  Dark Templar  
  178  30:40  Zealot  
  178  30:41  Zealot x6  
  194  30:46  Observer  
  194  30:50  Observer  
  194  30:55  Photon Cannon  
  194  30:56  Photon Cannon  
  195  30:58  Photon Cannon  
  195  30:59  Shield Battery  
  195  31:03  Shield Battery  
  183  31:15  Carrier x2  
  195  31:23  Zealot x2  
  199  31:30  Photon Cannon  
  199  31:31  Photon Cannon  
  199  31:35  Photon Cannon  
  199  31:38  Photon Cannon  
  199  31:43  Pylon  
  197  31:51  Pylon  
  195  31:55  Protoss Air Armor Level 3  
  195  32:01  Oracle  
  198  32:08  Pylon  
  196  32:21  Photon Cannon  
  196  32:23  Photon Cannon  
  196  32:25  Shield Battery x2  
  196  32:35  Tempest  
  200  32:52  Photon Cannon  
  200  32:54  Photon Cannon  
  199  33:24  Tempest  
  199  33:25  Tempest  
  198  33:43  Pylon  
  195  34:19  Shield Battery  
  195  34:21  Shield Battery  
  195  34:22  Oracle  
  195  34:23  Shield Battery  
  198  34:24  Shield Battery  
  198  34:26  Shield Battery  
  198  34:28  Shield Battery  
  198  34:30  Shield Battery  
  197  34:38  Pylon  
  192  35:14  Shield Battery  
  192  35:15  Shield Battery  
  192  35:16  Photon Cannon  
  192  35:17  Oracle  
  183  35:53  High Templar x5  
  183  35:54  Zealot x3  
  180  36:07  Archon  
  180  36:23  Zealot x3  
  186  36:30  Pylon  
  176  36:42  Tempest  
  176  36:43  Tempest  
  186  36:47  Zealot  
  186  36:48  Zealot x6  
  186  36:51  Shield Battery  
  186  36:53  Shield Battery  
  200  37:05  Nexus  
  185  37:35  Probe x2  
  92  40:12  Probe  
  94  40:20  Probe  
  68  40:44  Archon  
Show
View Real Time Build Order
Export as new Build Order

Scarlett Zerg - Winner!

Build Orders: Hatch First, Lurkers, Swarm Host 

Get SALT Encoding   

  12  0:01  Drone  
  13  0:12  Overlord  
  13  0:17  Drone  
  14  0:31  Drone x2  
  16  0:48  Drone  
  17  0:51  Hatchery  
  17  0:55  Drone  
  17  0:58  Drone  
  18  1:09  Extractor  
  17  1:13  Spawning Pool  
  17  1:16  Drone  
  17  1:20  Drone  
  18  1:28  Drone  
  19  1:40  Drone  
  20  1:49  Overlord  
  20  2:00  Queen  
  22  2:03  Queen  
  22  2:04  Zergling x4  
  26  2:08  Metabolic Boost  
  26  2:12  Drone  
  27  2:18  Drone  
  27  2:22  Drone  
  29  2:26  Drone  
  30  2:35  Hatchery  
  29  2:38  Drone  
  30  2:44  Overlord  
  30  2:45  Drone  
  30  2:48  Drone  
  32  2:54  Queen  
  32  2:56  Drone  
  35  2:59  Drone  
  36  3:06  Drone  
  36  3:10  Drone x4  
  41  3:21  Overlord  
  42  3:27  Drone  
  42  3:34  Overlord, Queen  
  42  3:39  Spore Crawler  
  42  3:40  Spore Crawler  
  43  3:41  Drone x3  
  43  3:45  Queen  
  47  3:53  Drone x2, Spore Crawler  
  48  3:57  Drone  
  48  3:59  Drone x2  
  51  4:04  Drone x3  
  51  4:08  Overlord  
  54  4:14  Drone x2  
  54  4:16  Drone x2  
  55  4:20  Overlord  
  55  4:21  Drone  
  56  4:25  Overlord  
  56  4:30  Overlord  
  56  4:32  Zergling x6  
  56  4:34  Zergling x2  
  60  4:44  Drone x5  
  65  4:50  Drone, Lair  
  65  4:51  Drone x4  
  70  4:54  Queen  
  72  5:00  Drone x2  
  72  5:01  Drone x2  
  72  5:05  Roach Warren  
  75  5:08  Extractor  
  75  5:10  Extractor  
  75  5:12  Zergling x12  
  78  5:15  Overlord  
  78  5:20  Drone x4  
  82  5:22  Extractor  
  82  5:24  Extractor  
  82  5:28  Overlord  
  80  5:30  Overlord  
  80  5:32  Drone x2  
  80  5:33  Overlord  
  82  5:36  Drone, Extractor  
  82  5:38  Evolution Chamber  
  80  5:46  Overlord  
  80  5:50  Drone x7  
  86  6:02  Drone  
  86  6:04  Zerg Missile Weapons Level 1, Drone x6  
  90  6:06  Drone x2  
  94  6:13  Glial Reconstitution  
  94  6:18  Infestation Pit  
  93  6:22  Hatchery, Roach x6  
  104  6:33  Roach x3  
  104  6:38  Nydus Network  
  109  6:44  Ravager  
  109  6:45  Ravager  
  109  6:46  Overlord x4  
  111  6:47  Overlord  
  111  6:58  Swarm Host x4  
  122  7:03  Drone x2  
  121  7:10  Swarm Host x6  
  121  7:15  Nydus Canal  
  139  7:22  Overlord x2  
  139  7:23  Overlord x3  
  139  7:25  Swarm Host x2  
  139  7:27  Swarm Host  
  148  7:31  Zergling x2  
  148  7:32  Zergling x2  
  148  7:35  Overseer  
  150  7:41  Swarm Host  
  150  7:42  Swarm Host  
  150  7:44  Zergling x10  
  160  7:46  Nydus Canal  
  154  7:52  Roach x4  
  159  7:59  Roach x4  
  167  8:10  Nydus Canal  
  167  8:18  Roach x11  
  187  8:30  Drone  
  187  8:31  Drone x2  
  190  8:34  Roach  
  190  8:35  Roach x2  
  190  8:37  Ravager  
  190  8:58  Nydus Canal  
  182  9:10  Roach x9  
  194  9:21  Zerg Missile Weapons Level 2  
  194  9:22  Hydralisk Den  
  193  9:28  Infestation Pit  
  190  9:33  Drone  
  190  9:34  Drone x8  
  190  9:35  Extractor x2  
  190  9:36  Spine Crawler  
  190  9:37  Spore Crawler  
  190  9:38  Spine Crawler  
  191  9:49  Nydus Canal  
  169  10:10  Roach x6, Hydralisk x12  
  196  10:18  Hydralisk x5  
  174  10:25  Drone x6, Queen x2  
  169  10:39  Drone x8  
  169  10:41  Spine Crawler  
  170  10:50  Hive  
  170  10:51  Muscular Augments  
  170  10:53  Swarm Host x2  
  170  10:54  Lurker Den  
  175  10:58  Zergling x2  
  176  11:07  Drone  
  176  11:08  Drone x3  
  176  11:11  Overlord, Extractor  
  180  11:12  Zergling x10  
  180  11:17  Evolution Chamber, Hatchery  
  182  11:24  Nydus Canal  
  182  11:30  Hydralisk x8  
  192  11:42  Swarm Host  
  192  11:43  Swarm Host  
  197  11:55  Zerg Melee Weapons Level 1  
  197  12:02  Grooved Spines  
  197  12:06  Seismic Spines  
  197  12:07  Zerg Missile Weapons Level 3  
  196  12:12  Spine Crawler x2  
  194  12:17  Nydus Canal  
  194  12:22  Lurker x2  
  198  12:23  Lurker x2  
  198  12:33  Extractor  
  198  12:34  Extractor  
  198  12:35  Spine Crawler x2  
  198  12:37  Spine Crawler  
  192  12:45  Nydus Canal  
  192  12:47  Lurker x4  
  196  12:52  Spine Crawler  
  196  12:53  Spore Crawler  
  196  12:56  Spine Crawler  
  193  13:04  Adaptive Talons  
  192  13:08  Nydus Canal  
  192  13:11  Viper x2  
  196  13:19  Drone x6  
  180  13:21  Spine Crawler  
  180  13:23  Spine Crawler  
  180  13:25  Drone  
  177  13:29  Drone x3, Spire  
  177  13:34  Overseer, Pneumatized Carapace  
  179  13:36  Viper x2  
  182  13:55  Viper x2  
  182  13:59  Zerg Ground Armor Level 1  
  182  14:01  Hatchery  
  187  14:07  Zergling x10  
  182  14:17  Lurker x6  
  182  14:18  Zergling x18  
  193  14:55  Hatchery  
  193  14:58  Zerg Flyer Weapons Level 1, Spire  
  191  15:02  Drone x6  
  178  15:09  Corruptor  
  178  15:10  Corruptor x10  
  191  15:19  Nydus Canal  
  187  15:25  Hydralisk  
  187  15:26  Hydralisk x3  
  192  15:33  Drone x3  
  192  15:34  Drone  
  192  15:35  Drone  
  197  15:37  Drone x2  
  188  15:45  Nydus Canal  
  188  15:47  Hydralisk x2  
  184  15:52  Lurker x5  
  189  16:08  Hydralisk x5  
  199  16:21  Nydus Canal  
  199  16:22  Spore Crawler x2  
  197  16:34  Hydralisk  
  199  16:45  Corruptor x8  
  189  16:55  Corruptor x2  
  189  17:17  Zerg Flyer Weapons Level 2  
  189  17:18  Zerg Flyer Armor Level 1  
  189  17:19  Hydralisk  
  189  17:20  Hydralisk x2  
  189  17:22  Zergling x4  
  197  17:36  Drone x2  
  199  17:37  Hatchery  
  198  17:53  Hatchery  
  197  18:00  Spore Crawler x2  
  197  18:01  Spore Crawler  
  194  18:06  Drone x3  
  194  18:07  Drone  
  198  18:16  Zerg Melee Weapons Level 2, Zerg Ground Armor Level 2  
  198  18:30  Drone x2  
  198  18:32  Spore Crawler  
  199  18:35  Spore Crawler x2  
  199  18:36  Spore Crawler x3  
  199  18:40  Nydus Canal  
  194  18:48  Drone x6, Spine Crawler  
  198  18:49  Spine Crawler  
  198  18:50  Baneling Nest, Spine Crawler  
  198  18:53  Overseer  
  196  19:03  Spore Crawler x2  
  196  19:05  Spore Crawler  
  196  19:08  Zergling x14  
  198  19:18  Drone  
  199  19:26  Spore Crawler x2  
  199  19:27  Spore Crawler x4  
  199  19:28  Spore Crawler x2  
  191  19:35  Zerg Flyer Armor Level 2  
  191  19:36  Greater Spire  
  191  19:37  Drone x8  
  199  19:38  Centrifical Hooks  
  199  19:54  Extractor  
  199  19:58  Extractor  
  197  20:04  Overseer x2  
  197  20:05  Overseer  
  196  20:24  Pathogen Glands  
  196  20:25  Burrow  
  195  20:53  Infestor x2  
  195  20:54  Zerg Ground Armor Level 3, Zerg Melee Weapons Level 3  
  195  20:55  Zerg Flyer Weapons Level 3  
  199  21:13  Spore Crawler  
  199  21:14  Hatchery  
  199  21:15  Spore Crawler x2  
  199  21:16  Drone x3  
  199  21:17  Drone, Spore Crawler  
  198  21:19  Spore Crawler  
  198  21:21  Neural Parasite  
  197  21:30  Spore Crawler x2  
  197  21:31  Spore Crawler x2  
  197  21:32  Spore Crawler  
  192  21:33  Spore Crawler  
  192  21:34  Spore Crawler  
  192  21:36  Spore Crawler  
  189  22:01  Zergling x20  
  189  22:07  Nydus Canal  
  199  22:12  Zerg Flyer Armor Level 3  
  199  22:43  Spore Crawler  
  197  22:45  Spore Crawler x2  
  197  22:46  Spore Crawler  
  197  22:48  Brood Lord  
  197  22:49  Brood Lord  
  197  22:51  Infestor  
  199  23:05  Infestor  
  197  23:07  Nydus Canal  
  197  23:10  Spore Crawler  
  197  23:11  Spore Crawler  
  197  23:12  Spore Crawler  
  194  23:26  Drone x8  
  194  23:34  Infestor x2  
  194  23:36  Spore Crawler, Spine Crawler  
  194  23:37  Drone x4, Extractor  
  194  23:38  Extractor  
  198  23:42  Drone  
  198  23:45  Spore Crawler, Overlord, Spine Crawler x2  
  196  23:55  Queen  
  198  24:08  Nydus Canal  
  198  24:24  Drone  
  199  24:37  Spore Crawler x3  
  193  25:01  Brood Lord x3  
  199  25:14  Nydus Canal  
  199  25:39  Overseer, Overlord  
  199  25:40  Overlord  
  199  25:41  Overlord  
  199  26:10  Drone  
  200  26:12  Spine Crawler  
  200  26:13  Spine Crawler  
  198  26:31  Spore Crawler x2  
  190  26:44  Corruptor x5  
  200  27:13  Corruptor x2  
  190  27:25  Brood Lord x3  
  190  27:26  Brood Lord  
  194  28:10  Queen  
  196  28:25  Drone x3  
  199  28:32  Spore Crawler  
  199  28:33  Spore Crawler  
  199  28:34  Spore Crawler x3  
  196  28:35  Spore Crawler  
  196  28:37  Spore Crawler  
  179  28:49  Hydralisk  
  179  28:50  Zergling x18  
  179  28:53  Infestor x3  
  188  29:27  Corruptor x9  
  188  29:28  Corruptor x2  
  177  29:34  Corruptor  
  146  29:38  Corruptor  
  146  29:39  Corruptor x3  
  146  29:50  Corruptor x4  
  146  29:51  Queen  
  105  30:00  Corruptor x3  
  109  30:19  Viper x5  
  124  30:21  Infestor  
  124  30:22  Infestor  
  124  30:24  Hatchery, Zergling x8  
  124  30:26  Overseer  
  124  30:27  Overseer  
  131  30:37  Zergling x2  
  131  30:41  Zergling x6  
  135  30:44  Queen  
  139  30:50  Brood Lord x6  
  149  30:57  Zergling x20  
  153  31:08  Zergling x8  
  157  31:26  Infestor  
  157  31:27  Infestor x2  
  157  31:31  Drone x10  
  167  31:58  Corruptor x13  
  193  32:03  Infestor  
  193  32:07  Drone x5, Extractor  
  199  32:10  Extractor  
  194  32:44  Overseer  
  190  33:30  Drone, Spore Crawler  
  190  33:31  Drone x9, Spore Crawler  
  190  33:32  Spore Crawler  
  190  33:33  Spore Crawler x2  
  190  33:34  Spore Crawler  
  194  33:49  Spore Crawler  
  194  33:50  Spore Crawler x2  
  194  33:51  Spore Crawler x3  
  188  34:25  Zergling x22  
  188  34:27  Adrenal Glands  
  195  34:56  Spore Crawler x3  
  195  34:59  Spore Crawler x2  
  190  35:00  Spore Crawler  
  190  35:03  Overseer x2  
  190  35:05  Spore Crawler x2  
  187  35:07  Spore Crawler  
  187  35:08  Zergling x26  
  197  35:15  Baneling x9  
  197  35:16  Baneling  
  197  35:17  Baneling x2  
  191  35:47  Infestor x3  
  191  35:48  Viper x2  
  179  36:49  Brood Lord x4  
  179  36:50  Brood Lord  
  189  36:54  Corruptor x5  
  195  37:37  Zergling x8  
  190  37:52  Zergling x20  
  188  39:21  Corruptor  
  188  39:22  Corruptor x10  
  152  39:45  Corruptor x14  
  126  39:47  Zergling x10  
  126  39:48  Zergling x6  
  126  39:49  Infestor x2  
  126  39:50  Queen x2  
  126  39:51  Queen x2  
  139  39:59  Corruptor  
  117  40:07  Zergling x2  
  117  40:08  Zergling x10  
  119  40:18  Hydralisk x6  
  119  40:19  Zergling x6  
  134  40:25  Hatchery  
Tags
 
Add a new tag
Caveats
  • Supply blocks, unpowered buildings, or Contaminate may cause inaccurate times.
  • Supply counts are checked every 10 seconds.